 Dungeon Crawl Stone Soup version 0.30-a0-626-gd6a5dd7a1f (webtiles) character file.

Game seed: 12644946544330804076

289 bande the Covered (level 6, 0/38 HPs)
             Began as a Gargoyle Fighter on Jan 12, 2023.
             Slain by a bullfrog (5 damage)
             ... in a sewer.
             The game lasted 00:05:24 (2900 turns).

bande the Covered (Gargoyle Fighter)                Turns: 2900, Time: 00:05:25

Health: 0/38       AC: 11    Str: 19    XL:     6   Next: 31%
Magic:  0/6        EV:  9    Int:  9    God:
Gold:   190        SH:  4    Dex: 11    Spells: 5/5 levels left

rFire   . . .      SeeInvis .    a - +0 war axe
rCold   . . .      Faith    .    c - +0 buckler
rNeg    + . .      Spirit   +    b - +0 scale mail
rPois   ∞          Reflect  .    (no helmet)
rElec   +          Harm     .    (no cloak)
rCorr   .          Rampage  .    (no gloves)
Will    .....                    (no boots) Stlth
                                 h - amulet of guardian spirit
HPRegen 0.26/turn                (no ring)
MPRegen 0.10/turn                (no ring)

@: very slow
A: sickness immunity, AC +4, negative energy resistance 1, electricity
resistance, torment resistance 1, petrification resistance
a: no special abilities


You were in a sewer.
You visited 1 branch of the dungeon, and saw 4 of its levels.
You also visited: Sewer.

You collected 190 gold pieces.

Inventory:

Hand Weapons
 a - a +0 war axe (weapon)
 o - a +0 war axe
Armour
 b - a +0 scale mail (worn)
 c - a +0 buckler (worn)
Jewellery
 h - an amulet of guardian spirit (around neck)
Scrolls
 f - 3 scrolls of identify
 g - a scroll of teleportation
 n - a scroll of blinking
 u - a scroll of poison {unknown}
 v - a scroll of enchant weapon {unknown}
Potions
 d - 3 potions of might
 e - a potion of attraction {unknown}
 i - a potion of ambrosia {unknown}
 j - 2 potions of cancellation
 k - a potion of curing {unknown}
 l - a potion of heal wounds {unknown}
 q - a potion of lignification {unknown}
 t - a potion of berserk rage {unknown}
 w - a potion of magic {unknown}


   Skills:
 + Level 4.3 Fighting
 + Level 4.2 Axes
 + Level 4.7 Armour
 + Level 3.8 Shields


You had 5 spell levels left.
You didn't know any spells.
Your spell library was empty.

Dungeon Overview and Level Annotations

Branches:
Dungeon (4/15)             Temple (0/1) D:4           Sewer (1/1)

Altars:

Shops:
D:1 =


Innate Abilities, Weirdness & Mutations

You are immune to sickness and miasma.
Your stone body is resilient. (AC +4)
You are immune to poison.
You resist negative energy. (rN+)
You are resistant to electric shocks. (rElec)
You are resistant to unholy torment.
You are immune to petrification.


Message History

You hit the giant cockroach.
The giant cockroach is lightly wounded.
You slash the adder!
You kill the adder!
You hit the quokka.
You kill the quokka!
You closely miss the bullfrog.
The bullfrog hits you but does no damage.
The giant cockroach barely misses you.
The bullfrog hits you but does no damage.
The giant cockroach closely misses you.
Unknown command.
You slash the giant cockroach!
You kill the giant cockroach!
You closely miss the bullfrog.
The bullfrog hits you but does no damage.
You block the bullfrog's attack.
Unknown command.
The bullfrog hits you but does no damage.
The bullfrog hits you.
You see here a bullfrog corpse.
Your unstable footing causes you to fumble your attack.
The bullfrog closely misses you. The bullfrog hits you.
* * * LOW HITPOINT WARNING * * *
Your unstable footing causes you to fumble your attack.
The bullfrog hits you.
* * * LOW HITPOINT WARNING * * *
You block the bullfrog's attack.
Your unstable footing causes you to fumble your attack.
The bullfrog hits you but does no damage.
The bullfrog barely misses you.
You closely miss the bullfrog.
The bullfrog is heavily wounded.
The bullfrog hits you.
* * * LOW HITPOINT WARNING * * *
The bullfrog hits you but does no damage.
You closely miss the bullfrog.
The bullfrog is heavily wounded.
You block the bullfrog's attack. The bullfrog hits you.
You die...

##~~~~~####~~~~~~.####~~~~~#
##~~~.###~~.~..~~~.~~~###~~~~
#~.~~##~~~~~#######~~~.~##.~~
##~.†##~.~.###≈≈≈≈≈###~~~~##~.
#~~.~#~~.~##≈≈~~~≈≈≈≈##.~~~#.~
##~~~##~.†##≈~~..~~~≈≈
##~.~##~
#.~~.#~~~~#≈~~.!??.~~~ #††~~#.
#∩.~.#~~~~#.~.F[?.~.~~ #~~~~#~
#.~~~#~~~~#~.~@$~~~~~~ #~~~~#~
##~~.##~~~#.~~.~~.~~~≈
##~~~##~
#~.~.#~.~#~~.~~~~.~≈≈##†~~~#~~
##..~##~~##~~#~~~≈≈###.~~~##~~
#~~~~##.~#~~#######~~~.~##~†.
##~~.~#~.##~..~~~~~~~~###~.†~
##~.~†~~~#...~.~~~####~~~~~#
####~~.#######~∩~#~~~~~~~##
##.~#~~.~†#####~†.~#####


You could see a bullfrog.

Vanquished Creatures
  A bullfrog (Sewer)
  4 gnolls
  7 adders
  A river rat (D:4)
  A worm (D:2)
  14 ball pythons
  4 bats
  16 endoplasms
  11 giant cockroaches
  4 hobgoblins
  7 jackals
  8 quokkas
  11 frilled lizards
  6 goblins
  6 kobolds
  5 rats
106 creatures vanquished.

Notes
Turn   | Place    | Note
-------+----------+-------------------------------------------
     0 | D:1      | bande the Gargoyle Fighter began the quest for the Orb.
     0 | D:1      | Reached XP level 1. HP: 14/14 MP: 1/1
   170 | D:1      | Reached XP level 2. HP: 19/19 MP: 2/2
   354 | D:1      | Reached XP level 3. HP: 22/24 MP: 3/3
   631 | D:1      | Found Waddoh's Jewellery Shoppe.
  1049 | D:2      | Found a faded altar of an unknown god.
  1269 | D:2      | Reached XP level 4. HP: 29/29 MP: 4/4
  1494 | D:2      | Found the +6 lightning scales {swift, rElec}
  2158 | D:4      | Found a glowing drain.
  2164 | D:4      | Reached XP level 5. HP: 32/33 MP: 5/5
  2183 | Sewer    | Entered a sewer
  2891 | Sewer    | Reached XP level 6. HP: 17/38 MP: 2/6
  2900 | Sewer    | Slain by a bullfrog

Illustrated notes

Levels and vault maps discovered:
D:1:      dpeg_arrival_solitude, layout_basic, serial_shops, shop_statue
D:2:      layout_loops_ring, chequers_ecumenical_altar_island,
          minmay_misc_feat_tower
D:3:      layout_rooms
D:4:      minmay_door_path, layout_basic, minmay_temple_entry_fiery,
          portal_sewer_entry_a
Sewer:    sewer_frog_island_02

Skill      XL: |  1  2  3  4  5 |
---------------+----------------+-----
Axes           | 2 3 4 |  4.2
Armour         | 4 |  4.7
Fighting       | 4 |  4.3
Shields        | |  3.8

Action                   |  1- 3 |  4- 6 || total
-------------------------+-------+-------++-------
Melee: War axe           |    86 |   224 ||   310
  Use: Scroll            |       |     7 ||     7
Armor: Scale mail        |    47 |   154 ||   201
Dodge: Dodged            |    52 |   136 ||   188
Block: Buckler           |    20 |    67 ||    87

Table legend: (Time is in decaauts)
 A = Elapsed time spent in this place.
 B = Non-inter-level travel time spent in this place.
 C = Inter-level travel time spent in this place.
 D = Time resting spent in this place.
 E = Time spent auto-exploring this place.
 F = Levels seen in this place.
 G = Mean time per level.
                   A        B        C        D        E       F      G
               +--------+--------+--------+--------+--------+-----+--------+
         Total |   3091 |   2969 |    122 |    352 |   1825 |   5 |  618.2 |
       Dungeon |   2249 |   2127 |    122 |      6 |   1641 |   4 |  562.2 |
         Sewer |    842 |    842 |      0 |    346 |    184 |   1 |  842.0 |
               +--------+--------+--------+--------+--------+-----+--------+

Top non-repeatable levels by time:
     D:1: 1076 daAuts
   Sewer: 842 daAuts
     D:2: 756 daAuts
     D:3: 368 daAuts
     D:4: 48 daAuts
